 Dungeon Crawl Stone Soup version 0.30-a0-122-g2a1322497e (webtiles) character file.

Game seed: 3849469307728722809

802 Dreamer the Covert (level 7, 0/41 HPs)
             Began as a Vampire Enchanter on Sept 16, 2022.
             Slain by a troll (14 damage)
             ... on level 5 of the Dungeon.
             The game lasted 00:18:17 (6071 turns).

Dreamer the Covert (Vampire Enchanter)              Turns: 6071, Time: 00:18:17

Health: 0/41       AC:  2    Str:  5 (7)  XL:     7   Next: 59%
Magic:  6/15       EV: 12    Int: 14 (18) God:
Gold:   309        SH:  5    Dex: 12 (16) Spells: 6/17 levels left

rFire   . . .      SeeInvis +    d - +0 dagger (flame)
rCold   . . .      Faith    .    (no shield)
rNeg    . . .      Spirit   .    b - +0 robe
rPois   .          Reflect  +    (no helmet)
rElec   .          Harm     .    (no cloak)
rCorr   +          Rampage  .    (no gloves)
Will    .....                    (no boots)
Stlth   ++++......               m - amulet of reflection
HPRegen 0.33/turn                a - ring of flight
MPRegen 0.14/turn                n - ring of resist corrosion

@: confusing by touch, flying, healing quickly
A: alive, fangs 3, see invisible, vampiric 2, [frail 1]
a: Exsanguinate


You were on level 5 of the Dungeon.
You visited 2 branches of the dungeon, and saw 7 of its levels.

You collected 309 gold pieces.

Inventory:

Hand Weapons
 d - a +0 dagger of flaming (weapon)
Missiles
 l - 2 throwing nets
Armour
 b - a +0 robe (worn)
Jewellery
 a - a ring of flight (left hand)
 m - an amulet of reflection (around neck)
 n - a ring of resist corrosion (right hand)
Wands
 u - a wand of flame (20)
 v - a wand of roots (8)
Scrolls
 e - 3 scrolls of teleportation {unknown}
 f - a scroll of amnesia {unknown}
 g - 3 scrolls of poison
 h - a scroll of fear {unknown}
 i - 4 scrolls of noise {unknown}
 j - a scroll of vulnerability {unknown}
 r - 2 scrolls of enchant weapon {unknown}
 s - a scroll of butterflies {unknown}
Potions
 c - 3 potions of invisibility
 k - a potion of curing
 o - a potion of ambrosia {unknown}
 p - 2 potions of resistance
 q - a potion of brilliance {unknown}
 t - a potion of magic {unknown}
 w - a potion of heal wounds {unknown}
 z - a potion of haste {unknown}


   Skills:
 - Level 1.1 Short Blades
 - Level 2.1 Dodging
 + Level 8.0 Stealth
 * Level 5.8 Spellcasting
 + Level 7.5 Hexes


You had 6 spell levels left.
You knew the following spells:

 Your Spells              Type           Power      Damage    Failure   Level
a - Ensorcelled Hibernat  Hex/Ice        28%        N/A       4%          2
b - Confusing Touch       Hex            25%        N/A       2%          3
c - Tukima's Dance        Hex            25%        N/A       2%          3
d - Dazzling Flash        Conj/Hex       28%        N/A       10%         3

Your spell library contained the following spells:

 Spells                   Type           Power      Damage    Failure   Level
 Passwall                 Tmut/Erth      3%         N/A       24%         2
 Swiftness                Air            4%         N/A       43%         3


Dungeon Overview and Level Annotations

Branches:
Dungeon (6/15)             Temple (1/1) D:4

Altars:
Ashenzari
Dithmenos
Hepliaklqana
Kikubaaqudgha
Makhleb
Nemelex Xobeh
Ru
Sif Muna
Trog
Vehumet
Xom
Yredelemnul

Annotations:
D:5 exclusions: howler monkey, necrophage and troll


Innate Abilities, Weirdness & Mutations

Your natural rate of healing is accelerated.
You have razor-sharp teeth.
You have supernaturally acute eyesight. (SInv)
You are afflicted with vampirism and can become a bat while bloodless.
[You are frail. (-10% HP)]


Message History

Your ring of resist corrosion unmelds from your body.
Your +0 dagger of flaming bursts into flame!
You fly up into the air.
You start resting.
Magic restored.
You start resting.
HP restored.
You fly downwards.
Level annotation: exclusions: howler monkey, necrophage and troll
There is a stone staircase leading up here.
The troll resists with some effort.
The troll bites you! The troll closely misses you. The troll claws you!
The troll resists with some effort.
The troll closely misses you. The troll completely misses you.
The troll claws you!
You are too injured to fight recklessly!
You are too injured to fight recklessly!
Unknown command.
Okay, then.
Casting: Ensorcelled Hibernation (safe; 4% risk of failure)
Confirm with . or Enter, or press ? or * to list all spells.
Aiming: Tukima's Dance (dangerous; 2% risk of failure)
Press: ? - help, Shift-Dir - straight line, f - you, p - troll
Okay, then.
Casting: Tukima's Dance (dangerous; 2% risk of failure)
Confirm with . or Enter, or press ? or * to list all spells.
Aiming: Tukima's Dance (dangerous; 2% risk of failure)
Press: ? - help, Shift-Dir - straight line, f - you, p - troll
Okay, then.
Casting: Tukima's Dance (dangerous; 2% risk of failure)
Confirm with . or Enter, or press ? or * to list all spells.
Casting: Dazzling Flash (dangerous; 10% risk of failure)
Press: ? - help, Dir - look around, f - activate Look: a troll (chance to dazzle: 49%)
The troll is dazzled.
The troll bites you. The troll closely misses you. The troll claws you.
Casting: Dazzling Flash (dangerous; 10% risk of failure)
Confirm with . or Enter, or press ? or * to list all spells.
Your hands begin to glow red.
You block the troll's attack. The troll claws you!
You die...

#### ##################
...###......##.........
.......##..............
...###.................
#.........##T....##.###
#..###.#####.#.#.##.####
#..# #.# #.#.#.......
#..# #.# #.#.###..##
#..# #.# #....@T...#
#.<# #.# ###<###.#.#
#.T# #.# #.# #.#.## #
#..# #.# #.###....##.#
#..# #.# #...........#
#.o# #.# #####....####
... #..# #.# #####
##g#.## #.# #>.# #.#
#...###.....# #.# #..#
#.# #.#...[...#.# #.#


You could see a troll (blind).

Vanquished Creatures
  A black bear (D:3)
  An ogre (D:5)
  A centaur (D:5)
  3 scorpions
  A hound (D:4)
  A jelly (D:4)
  An iguana (D:4)
  An orc wizard (D:4)
  10 gnolls
  5 adders
  A white imp (D:5)
  An ufetubus (D:4)
  A worm (D:2)
  3 dart slugs
  15 orcs
  7 ball pythons
  4 bats (D:3)
  3 endoplasms
  6 giant cockroaches
  9 goblins
  4 hobgoblins
  9 quokkas
  4 frilled lizards (D:2)
  5 kobolds
  4 rats
101 creatures vanquished.

Vanquished Creatures (others)
  24 plants (D:2)
24 creatures vanquished.

Grand Total: 125 creatures vanquished

Notes
Turn   | Place    | Note
-------+----------+-------------------------------------------
     0 | D:1      | Dreamer the Vampire Enchanter began the quest for the Orb.
     0 | D:1      | Reached XP level 1. HP: 13/13 MP: 3/3
    60 | D:1      | Found a faded altar of an unknown god.
   461 | D:1      | Reached XP level 2. HP: 19/19 MP: 5/5
   464 | D:1      | Learned a level 2 spell: Ensorcelled Hibernation
   898 | D:2      | Reached skill level 5 in Stealth
   898 | D:2      | Gained mutation: You are afflicted with vampirism and can
                  | become a bat while bloodless. [Vampire growth]
   898 | D:2      | Reached XP level 3. HP: 17/24 MP: 4/7
   937 | D:2      | Reached skill level 5 in Hexes
  1057 | D:2      | HP: 1/24 [gnoll/+0 flail (9)]
  1059 | D:2      | Reached XP level 4. HP: 1/30 MP: 2/8
  1157 | D:2      | Learned a level 3 spell: Confusing Touch
  1161 | D:2      | Learned a level 3 spell: Tukima's Dance
  2089 | D:3      | Reached XP level 5. HP: 28/28 MP: 10/10
  2101 | D:3      | Found a hazy altar of Hepliaklqana.
  2188 | D:3      | Noticed a black bear
  2224 | D:3      | Killed a black bear
  2225 | D:3      | Reached skill level 6 in Stealth
  2458 | D:3      | Learned a level 3 spell: Dazzling Flash
  2672 | D:3      | Reached XP level 6. HP: 32/32 MP: 9/12
  4000 | D:4      | Found a staircase to the Ecumenical Temple.
  4009 | D:4      | Reached skill level 7 in Stealth
  4013 | Temple   | Entered the Ecumenical Temple
  4133 | D:4      | Reached skill level 5 in Spellcasting
  4173 | D:4      | Reached XP level 7. HP: 36/36 MP: 14/14
  4573 | D:5      | Entered Level 5 of the Dungeon
  4633 | D:5      | Found a radiant altar of Vehumet.
  5302 | D:5      | Noticed a troll
  5662 | D:4      | Reached skill level 8 in Stealth
  6071 | D:5      | Slain by a troll

Illustrated notes

Levels and vault maps discovered:
D:1:      nicolae_arrival_somewhat_less_tricky_arrival, layout_loops_ring,
          ebering_ecumenical_altar_petrified
D:2:      wad_woods_tower, layout_basic, st_stairs_7, minmay_worlds_worst_comb
D:3:      layout_loops_cross, nzn_hepliaklqana_mist_gate, minmay_ruptured
D:4:      kennysheep_spiral_hall, layout_loops_ring, minmay_temple_entry_grid,
          minmay_quadrilaterals
D:5:      layout_loops_ring, vehumet_altar_wand_db, minmay_manual_mail
D:6:      kennysheep_steamy, layout_basic, serial_bayou_pond_d,
          minmay_misc_feat_doors, hangedman_decor_clover_reticule, st_stairs_1,
          nicolae_eternal_life, uniq_edmund
Temple:   nicolae_temple_hex_pool

Skill      XL: |  1  2  3  4  5  6  7 |
---------------+----------------------+-----
Stealth        | 5 6 7 8 |  8.0
Hexes          | 5 6 7 |  7.5
Spellcasting   | 3 4 5 |  5.8
Short Blades   | |  1.1
Dodging        | |  2.1

Action                   |  1- 3 |  4- 6 |  7- 9 || total
-------------------------+-------+-------+-------++-------
Melee: Dagger            |    44 |   127 |    20 ||   191
       Bite              |     2 |    12 |       ||    14
       Punch             |     2 |     1 |       ||     3
 Cast: Ensorcelled Hiber |    10 |    28 |    16 ||    54
       Confusing Touch   |       |     1 |     1 ||     2
       Dazzling Flash    |       |       |     1 ||     1
 Abil: Exsanguinate      |       |     1 |       ||     1
       Bat Form          |       |       |     2 ||     2
       End Transformatio |       |       |     1 ||     1
       Revivify          |       |       |     1 ||     1
  Use: Scroll            |       |     3 |     1 ||     4
 Stab: Sleeping          |    10 |    43 |    11 ||    64
       Distracted        |       |     2 |       ||     2
       Confused          |       |     1 |       ||     1
Armor: Robe              |     4 |    16 |     1 ||    21
Dodge: Dodged            |    15 |    54 |    23 ||    92
Block: Other             |       |    19 |     7 ||    26
       Reflection        |       |     2 |     1 ||     3

Table legend: (Time is in decaauts)
 A = Elapsed time spent in this place.
 B = Non-inter-level travel time spent in this place.
 C = Inter-level travel time spent in this place.
 D = Time resting spent in this place.
 E = Time spent auto-exploring this place.
 F = Levels seen in this place.
 G = Mean time per level.
                   A        B        C        D        E       F      G
               +--------+--------+--------+--------+--------+-----+--------+
         Total |   6031 |   5689 |    342 |   1528 |   2753 |   7 |  861.6 |
       Dungeon |   5960 |   5618 |    342 |   1528 |   2702 |   6 |  993.3 |
        Temple |     70 |     70 |      0 |      0 |     51 |   1 |   70.0 |
               +--------+--------+--------+--------+--------+-----+--------+

Top non-repeatable levels by time:
     D:4: 2080 daAuts
     D:3: 1235 daAuts
     D:2: 1102 daAuts
     D:1: 799 daAuts
     D:5: 736 daAuts
  Temple: 70 daAuts
     D:6: 6 daAuts
